 Dungeon Crawl Stone Soup version 0.14.0-17-gc0b17a5 (console) character file.

1225 RRE the Basher (level 8, -9/74 HPs)
             Began as an Ogre Hunter on Apr 18, 2014.
             Was an Initiate of Elyvilon.
             Mangled by Heini's ghost (21 damage)
             ... on Level 9 of the Dungeon.
             The game lasted 00:18:17 (2327 turns).

RRE the Basher (Ogre Hunter)                        Turns: 2327, Time: 00:18:17

HP  -9/74        AC  5     Str 18      XL: 8   Next: 44%
MP  15/15        EV  9     Int 10      God: Elyvilon [......]
Gold 25          SH  0     Dex 12      Spells:  0 memorised,  7 levels left

rFire  . . .     SeeInvis .     k - +1,+3 mace (crush)
rCold  . . .     Clarity  .     a - +0 robe
rNeg   . . .     Conserve .     (shield restricted)
rPois  .         rCorr    .     (helmet restricted)
rElec  .         rRot     .     g - +1 cloak
SustAb . .       Spirit   .     (gloves unavailable)
rMut   .         Warding  .     (boots unavailable)
Saprov + . .     Stasis   .     (no amulet)
MR     .....                    (no ring)
                                (no ring)

@: heavily drained, not resistant to hostile enchantments, unstealthy
A: unfitting armour, fast metabolism 1, saprovore 1, tough skin 1
a: Lesser Healing, Renounce Religion


You were on level 9 of the Dungeon.
You worshipped Elyvilon.
Elyvilon was noncommittal.
You were not hungry.

You visited 1 branch of the dungeon, and saw 10 of its levels.

You collected 269 gold pieces.
You spent 244 gold pieces at shops.

Inventory:

Hand weapons
 k - a +1,+3 mace of crushing (weapon)
 y - a +0,+0 flail
Missiles
 s - 4 javelins (quivered)
Armour
 a - a +0 robe (worn)
 d - a +0 animal skin
 g - a +1 cloak (worn)
 p - a +0 robe
 u - a +0 robe
 C - a +0 robe
 D - a +0 robe
 F - a +0 robe
Magical devices
 E - a wand of paralysis (14)
Comestibles
 f - 6 meat rations
 l - a beef jerky
 r - 5 bread rations
 B - a pear
 N - a rambutan
Scrolls
 e - 9 scrolls of identify {unknown}
 i - a scroll of amnesia {unknown}
 j - 3 scrolls of remove curse {unknown}
 n - 2 scrolls of enchant weapon II {unknown}
 o - a scroll of enchant weapon I {unknown}
 q - a scroll of random uselessness {unknown}
 w - a scroll of noise {unknown}
 x - a scroll of fog {unknown}
 K - a scroll of enchant armour {unknown}
Jewellery
 A - an uncursed ring of wizardry {unknown}
 M - an uncursed ring of ice {unknown}
Potions
 c - a potion of flight {unknown}
 h - 3 potions of curing
 m - 3 potions of heal wounds {unknown}
 t - 2 potions of brilliance {unknown}
 v - a potion of might {unknown}
 z - a potion of invisibility {unknown}
 G - 2 potions of restore abilities {unknown}
 H - a potion of haste {unknown}
 I - a potion of degeneration {unknown}
 J - a potion of poison {unknown}


   Skills:
 - Level 2.6(1.3) Fighting
 + Level 11.0(9.4) Maces & Flails
 - Level 4.3(3.0) Throwing
 - Level 1.7(0.5) Dodging
 - Level 0.7(0.0) Stealth
 * Level 5.1(3.7) Invocations


You had 7 spell levels left.
You didn't know any spells.

Dungeon Overview and Level Annotations

Branches:
Dungeon (10/15)            Temple (0/1) D:7
    Orc: D:9-12        Lair: D:8-11

Altars:
Ashenzari
Elyvilon
Kikubaaqudgha
Nemelex Xobeh
Sif Muna
Vehumet

Shops:
D:6 *   D:8 (   D:9 *

Annotations:
D:9 Heini's ghost, experienced MiFi
D:10 Sonja


Innate Abilities, Weirdness & Mutations

You are too large for most types of armour.
You have a fast metabolism.
You can tolerate rotten meat.
You have tough skin (AC +1).


Message History

Heini's ghost is heavily damaged.
Heini's ghost is no longer paralysed.
Heini's ghost hits you!
You feel drained.
You hit Heini's ghost but do no damage.
Heini's ghost is heavily damaged.
Heini's ghost hits you!
You feel drained.
* * * LOW HITPOINT WARNING * * *
Evoke which item? (* to show all) (? for menu, Esc to quit)
Zapping:
E - a wand of paralysis {zapped: 3}
Press: ? - help, Shift-Dir - straight line, f/p - Heini's ghost
Aim: Heini's ghost (heavily damaged) Heini's ghost resists with almost no effort.
Heini's ghost hits you!
* * * LOW HITPOINT WARNING * * *
You feel drained.
* * * LOW HITPOINT WARNING * * *
Drink which item? (? for menu, Esc to quit)
Okay, then.
Drink which item? (? for menu, Esc to quit)
You feel better.
It was a potion of curing.
Heini's ghost hits you!
You die...

... .. #..... ##.#
##......
#...###........
....##.........
#.........(.($.
##.......(..... .
#.............. .
#....<@p.......# ###.
##....#.........#
##...
#....#..........##...#
####)..#####.#..#<...#
##### #......##
#..........
#...#.##.... #..
#.###..Y #..##......Y


You could see Heini's ghost.

Vanquished Creatures
  2 sky beasts (D:6)
  A crocodile (D:7)
  A centaur (D:9)
  2 giant frogs (D:8)
  A hippogriff skeleton (D:6)
  3 wights (D:7)
  3 crimson imps
  2 jellies
  An orc wizard (D:6)
  3 iguanas
  A centaur skeleton (D:9)
  8 worker ants
  A hound skeleton (D:6)
  An adder (D:7)
  3 worms
  2 giant eyeballs
  3 giant geckos
  3 orcs (D:6)
  3 bats
  2 goblins
  7 hobgoblins
  6 jackals
  A quokka (D:7)
  4 giant cockroaches
  3 kobolds
  An orc skeleton (D:3)
  5 rats
73 creatures vanquished.

Vanquished Creatures (others)
  A fungus (D:5)
  A plant (D:5)
2 creatures vanquished.

Grand Total: 75 creatures vanquished

Notes
Turn   | Place    | Note
--------------------------------------------------------------
     0 | D:1      | RRE, the Ogre Hunter, began the quest for the Orb.
     0 | D:1      | Reached XP level 1. HP: 22/22 MP: 1/1
    49 | D:2      | Found a white marble altar of Elyvilon.
    69 | D:2      | Became a worshipper of Elyvilon the Healer
   143 | D:2      | Reached XP level 2. HP: 9/29 MP: 2/2
   367 | D:4      | Found a sparkling altar of Nemelex Xobeh.
   373 | D:4      | Found a deep blue altar of Sif Muna.
   392 | D:4      | Found an ancient bone altar of Kikubaaqudgha.
   422 | D:5      | Entered Level 5 of the Dungeon
   428 | D:5      | Reached XP level 3. HP: 19/36 MP: 3/3
   479 | D:5      | Reached skill level 5 in Maces & Flails
   479 | D:5      | Reached XP level 4. HP: 30/44 MP: 4/4
   541 | D:5      | Found a shattered altar of Ashenzari.
   546 | D:5      | Saw a vision of the Swamp and the Snake Pit.
   546 | D:5      | Noticed an alligator
   546 | D:5      | Noticed an alligator
   546 | D:5      | Noticed a baby alligator
   546 | D:5      | Noticed a giant slug
   546 | D:5      | Noticed a swamp drake
   546 | D:5      | Noticed a naga
   546 | D:5      | Noticed a black mamba
   546 | D:5      | Noticed an anaconda
   546 | D:5      | Noticed a mana viper
   546 | D:5      | Noticed a water moccasin
   546 | D:5      | Noticed a black mamba
   547 | D:5      | Noticed a baby alligator
   547 | D:5      | Noticed a baby alligator
   547 | D:5      | Noticed an alligator
   548 | D:5      | Noticed a naga
   549 | D:5      | Noticed a naga sharpshooter
   550 | D:5      | Noticed a naga
   643 | D:6      | Reached skill level 6 in Maces & Flails
   643 | D:6      | Reached XP level 5. HP: 42/50 MP: 5/5
   663 | D:6      | Paralysed by a giant eyeball for 2 turns
   687 | D:6      | Found Roteyhaf's Assorted Antiques.
   725 | D:6      | Bought a scroll labeled GHITOIQEKO for 29 gold pieces
   725 | D:6      | Bought a scroll labeled SEMOERCH NIWKY for 29 gold pieces
   741 | D:6      | Noticed a sky beast
   790 | D:6      | Killed a sky beast
   790 | D:6      | Reached skill level 7 in Maces & Flails
   790 | D:6      | Reached XP level 6. HP: 37/59 MP: 6/6
   803 | D:6      | Reached skill level 8 in Maces & Flails
   903 | D:6      | Noticed a sky beast
   912 | D:6      | Killed a sky beast
   912 | D:6      | Reached skill level 9 in Maces & Flails
   948 | D:6      | Reached XP level 7. HP: 50/66 MP: 7/7
  1035 | D:7      | Acquired Elyvilon's first power
  1057 | D:7      | Reached skill level 10 in Maces & Flails
  1128 | D:7      | Found a radiant altar of Vehumet.
  1146 | D:7      | Found a staircase to the Ecumenical Temple.
  1165 | D:7      | Reached skill level 1 in Invocations
  1374 | D:8      | Found Ecyj's Antique Weapon Boutique.
  1382 | D:8      | Reached XP level 8. HP: 56/74 MP: 13/13
  1577 | D:9      | Noticed Heini's ghost (experienced MiFi)
  1704 | D:9      | Found Isoucy's Assorted Antiques.
  1715 | D:9      | Bought an emulsified orange potion for 27 gold pieces
  1715 | D:9      | Bought a bubbling cyan potion for 27 gold pieces
  1715 | D:9      | Bought a purple potion for 27 gold pieces
  1715 | D:9      | Bought a red potion for 27 gold pieces
  1775 | D:10     | Entered Level 10 of the Dungeon
  1777 | D:10     | Noticed Sonja
  2088 | D:7      | Reached skill level 11 in Maces & Flails
  2088 | D:7      | Reached skill level 5 in Invocations
  2179 | D:6      | Bought a black potion for 26 gold pieces
  2179 | D:6      | Bought a blue potion for 26 gold pieces
  2179 | D:6      | Bought a lumpy brown potion for 26 gold pieces
  2326 | D:9      | HP: 3/74 [Heini's ghost (3)]
  2327 | D:9      | Mangled by Heini's ghost

Action                   |  1- 3 |  4- 6 |  7- 9 || total
-------------------------+-------+-------+-------++-------
Melee: Club              |    39 |       |       ||    39
       Mace              |    20 |    34 |    96 ||   150
Throw: Large rock        |     7 |    20 |    39 ||    66
       Throwing net      |       |     3 |     1 ||     4
Evoke: Wand              |       |       |     4 ||     4
  Use: Potion            |       |       |     1 ||     1
 Stab: Paralysed         |       |       |     4 ||     4
       Held in net/web   |       |       |     1 ||     1
